[Event "*** Titled Tuesday Blitz"]
[Site "Chess.com"]
[Date "2020.05.12"]
[Round "6"]
[White "swimmerchess"]
[Black "VincentKeymer"]
[Result "1-0"]
[WhiteElo "2847"]
[BlackElo "2727"]
[TimeControl "180+1"]
[EndTime "11:05:14 PDT"]
[Termination "swimmerchess won by resignation"]

1. e4 c6 2. d4 d5 3. e5 Bf5 4. c4 e6 5. Nc3 Bb4 6. Qb3 Qb6 7. c5 Qa5 8. Bd2 Nd7 9. Nf3 Ne7 10.
Be2 h6 11. O-O O-O 12. a3 Bxc3 13. Qxc3 Qc7 14. b4 a6 15. a4 f6 16. Bf4 Ng6 17. Bg3 fxe5 18. dxe5 Rae8 19. Bd3 Bxd3 20. Qxd3 Ne7 21.
Nd4 Nf5 22. f4 Nxd4 23. Qxd4 Rf5 24. Bf2 Ref8 25. Be3 Qd8 26. g4 R5f7 27. f5 Qe7 28. f6 gxf6 29. Bxh6 Re8 30. exf6 Rxf6 31. g5 Rxf1+ 32.
Rxf1 e5 33. Qg4 Qe6 34. Qh5 e4 35. Rf6 Qe7 36. Qg6+ Kh8 37. Rf7 1-0

[Event "*** Titled Tuesday Blitz"]
[Site "Chess.com"]
[Date "2020.05.12"]
[Round "6"]
[White "DanielRensch"]
[Black "Arjun2002"]
[Result "0-1"]
[WhiteElo "2506"]
[BlackElo "2668"]
[TimeControl "180+1"]
[EndTime "11:05:16 PDT"]
[Termination "Arjun2002 won by resignation"]

1. e4 c5 2. Nf3 Nc6 3. d4 cxd4 4. Nxd4 Nf6 5. Nc3 d6 6. Bg5 e6 7. Bb5 Bd7 8. Bxc6 bxc6 9. Qf3 c5 10. Nb3 h6 11. Bh4 Rb8 12. e5 dxe5 13. Ne4 Be7 14.
Bxf6 gxf6 15. O-O-O c4 16. Nbc5 Qb6 17. Rxd7 Qxb2+ 18.
Kd2 f5 19. Rxe7+ Kxe7 20. Qc3 Rhd8+ 21. Ke2 fxe4 0-1

[Event "*** Titled Tuesday Blitz"]
[Site "Chess.com"]
[Date "2020.05.12"]
[Round "6"]
[White "MateSchmate"]
[Black "DariaVoit"]
[Result "1-0"]
[WhiteElo "2431"]
[BlackElo "2531"]
[TimeControl "180+1"]
[EndTime "11:05:17 PDT"]
[Termination "MateSchmate won by resignation"]

1. e4 e6 2. d4 d5 3. Bd3 dxe4 4. Bxe4 Nf6 5. Bf3 c5 6. Ne2 cxd4 7. Qxd4 Qxd4 8. Nxd4 a6 9. c4 e5 10. Nc2 Nc6 11. Nc3 Bf5 12. Ne3 Bd3 13. Ned5 O-O-O 14. Bg5 h6 15. Be3 Bxc4 16. Nb6+ Kb8 17. Nxc4 Bb4 18. O-O Bxc3 19. bxc3 Rd3 20. Rac1 e4 21. Be2 Rd5 22. Rfd1 Rhd8 23. Rxd5 Rxd5 24. Rd1 b5 25. Nd6 Ne5 26. Bf4 Rxd1+ 27. Bxd1 Nd3 28. Bg3 Ka7 29. Bc2 Kb6 30. f3 Nc1 31. Nxe4 Nd5 32. Bf2+ Kc6 33. a4 Ne2+ 34. Kf1 Nexc3 35. axb5+ Nxb5 36. g3 Nb4 37. Ba4 f6 38. Nc3 Nd5 39. Nxd5 Kxd5 40. Bxb5 axb5 41.
Ke2 1-0

[Event "*** Titled Tuesday Blitz"]
[Site "Chess.com"]
[Date "2020.05.12"]
[Round "6"]
[White "Megagigahiper3345"]
[Black "SpasKozhuharov"]
[Result "0-1"]
[WhiteElo "2509"]
[BlackElo "2681"]
[TimeControl "180+1"]
[EndTime "11:05:18 PDT"]
[Termination "SpasKozhuharov won by checkmate"]

1. d4 d5 2. c4 dxc4 3. e4 Nc6 4.
d5 Ne5 5. Bf4 Ng6 6. Be3 e5 7.
Bxc4 a6 8. Ne2 Nf6 9. Nbc3 Ng4 10. Bd2 Bc5 11. Qc2 Bxf2+ 12. Kd1 Bd7 13. Kc1 Ne3 14. Qd3 Nxc4 15. Qxc4 b5 16. Qd3 b4 17. Nd1 Bc5 18.
Be3 Bd6 19. Bd2 O-O 20. Ne3 Bb5 21. Nc4 Rc8 22. b3 c6 23. Kb2 cxd5 24. Qxd5 Bc5 25. Rad1 Qc7 26. Qd3 Rfd8 27. Qf3 a5 28. Bg5 f6 29. Bc1 a4 30. Qf5 Qf7 31. h4 Bxc4 32.
bxc4 Qxc4 33. Ng3 a3+ 34. Kb1 b3 35. h5 Qc2+ 36. Ka1 Qxa2# 0-1

[Event "*** Titled Tuesday Blitz"]
[Site "Chess.com"]
[Date "2020.05.12"]
[Round "6"]
[White "WeAintSurePal"]
[Black "emiliocordova"]
[Result "0-1"]
[WhiteElo "2346"]
[BlackElo "2834"]
[TimeControl "180+1"]
[EndTime "11:05:18 PDT"]
[Termination "emiliocordova won by resignation"]

1. d4 Nf6 2. Nf3 c5 3. c3 e6 4. Bf4 Be7 5. e3 b6 6. Nbd2 Bb7 7. Bd3 cxd4 8. exd4 O-O 9. Qe2 d6 10. O-O Nbd7 11.
h3 Re8 12. a4 a6 13. Rfe1 Bf8 14. Nc4 Qc7 15. Bh2 Qc6 16. Ncd2 e5 17. dxe5 dxe5 18. Ne4 Nxe4 19. Bxe4 Qxe4 20. Qxe4 Bxe4 21. Rxe4 f6 22. Nd2 Nc5 23. Re2 b5 24. axb5 axb5 25. Rxa8 Rxa8 26. Bg3 Ra1+ 27. Kh2 Nd3 28. Ne4 f5 29. Ng5 f4 30.
Bh4 h6 31. Nf3 g5 32. Bxg5 hxg5 33. Nxe5 Bd6 34. Nf3 Rd1 35. Rc2 Bc5 36. Nxg5 Bxf2 37. h4 Bg3+ 38. Kh3 Ne5 0-1

[Event "*** Titled Tuesday Blitz"]
[Site "Chess.com"]
[Date "2020.05.12"]
[Round "6"]
[White "murtas73"]
[Black "SmirnovAlexandrA"]
[Result "1-0"]
[WhiteElo "2620"]
[BlackElo "2370"]
[TimeControl "180+1"]
[EndTime "11:05:19 PDT"]
[Termination "murtas73 won by resignation"]

1. d4 Nf6 2. c4 g6 3. Nc3 Bg7 4. e4 O-O 5. h3 d6 6. Bg5 c5 7. d5 h6 8. Be3 a6 9. a4 e6 10. Bd3 e5 11. Nge2 Kh7 12. g4 Nbd7 13.
Ng3 Rh8 14. h4 Kg8 15. h5 g5 16. Nf5 Nb8 17. a5 Bxf5 18. gxf5 Kf8 19. Qd2 Ke7 20.
Na4 Nbd7 21. b4 cxb4 22. Qxb4 Qc7 23. Ke2 Rhc8 24. Rhc1 Nc5 25. Nb6 Nxh5 26. Nxa8 Rxa8 27. Kd2 Nf4 28. Bc2 Bf8 29. Rcb1 Rb8 30. Qb6 Qxb6 31.
Rxb6 Nd7 32. Rb2 Kd8 33. Rab1 Kc8 34. Ba4 Nc5 35. Bxc5 dxc5 36. Bc6 Bd6 37. Bxb7+ Kc7 38.
Bxa6 Rxb2+ 39. Rxb2 h5 40. Rb7+ Kd8 41. Bb5 h4 42. Rd7+ Kc8 43. Rxd6 1-0

[Event "*** Titled Tuesday Blitz"]
[Site "Chess.com"]
[Date "2020.05.12"]
[Round "6"]
[White "Mimsychess"]
[Black "chessuriel"]
[Result "1-0"]
[WhiteElo "2336"]
[BlackElo "2157"]
[TimeControl "180+1"]
[EndTime "11:05:19 PDT"]
[Termination "Mimsychess won by resignation"]

1. d4 Nf6 2. c4 e6 3. Nf3 b6 4. g3 Ba6 5. b3 Bb4+ 6. Bd2 Be7 7. Bg2 c6 8. O-O d5 9. Qc2 O-O 10. Ne5 Nfd7 11. Nxd7 Nxd7 12. Rd1 Rc8 13. e4 dxe4 14.
Bxe4 Nf6 15. Bg2 c5 16. Be3 cxd4 17. Bxd4 Qc7 18. Nc3 Bb7 19. Qe2 Bxg2 20. Kxg2 Qb7+ 21. Qf3 Qxf3+ 22. Kxf3 Rfd8 23. Nb5 Ra8 24. a4 Kf8 25. a5 bxa5 26. Bxa7 Rxd1 27. Rxd1 Bb4 28. Bb6 a4 29. bxa4 Rxa4 30. Rd8+ Ke7 31. Rb8 Nd7 32. Bd8+ Ke8 33. Nc7+ Kf8 34. Rc8 Nb6 35. Nxe6+ fxe6 36. Bxb6+ Kf7 37.
c5 Ra3+ 38. Kg2 Rc3 39. c6 Bd6 40. Rd8 Ke7 41. Rd7+ 1-0

[Event "*** Titled Tuesday Blitz"]
[Site "Chess.com"]
[Date "2020.05.12"]
[Round "6"]
[White "Fusikk"]
[Black "SHIVACalypso"]
[Result "1-0"]
[WhiteElo "2505"]
[BlackElo "2309"]
[TimeControl "180+1"]
[EndTime "11:05:20 PDT"]
[Termination "Fusikk won by checkmate"]

1. d4 e6 2. c4 Nf6 3. Nf3 d5 4. Nc3 Be7 5. Bg5 O-O 6. e3 h6 7. Bh4 b6 8. Bd3 Bb7 9. O-O Nbd7 10. Bg3 c5 11. cxd5 Nxd5 12. Nxd5 Bxd5 13. Qe2 Rc8 14. Ba6 Ra8 15. e4 Bc6 16. Rfd1 f5 17. d5 exd5 18. exd5 Ba4 19. b3 f4 20. bxa4 fxg3 21. hxg3 Bf6 22.
Rac1 Re8 23. Qc2 Ne5 24. d6 Nxf3+ 25. gxf3 Bd4 26. Qc4+ Kh8 27. Qd5 Qf6 28. Bb5 Rf8 29. Kg2 Rad8 30. d7 a6 31. Bc6 Rf7 32. Re1 Re7 33.
Rxe7 Qxe7 34. Kf1 Qf6 35. Re1 Kh7 36. Re8 g6 37. Qg8# 1-0

[Event "*** Titled Tuesday Blitz"]
[Site "Chess.com"]
[Date "2020.05.12"]
[Round "6"]
[White "S_Kalvaitis"]
[Black "PawnEatingZombie"]
[Result "1-0"]
[WhiteElo "2379"]
[BlackElo "2168"]
[TimeControl "180+1"]
[EndTime "11:05:20 PDT"]
[Termination "S_Kalvaitis won by checkmate"]

1. e4 c6 2. d4 d5 3. Nc3 dxe4 4.
Nxe4 Bf5 5. Ng3 Bg6 6. h4 h6 7. Nf3 Nd7 8. h5 Bh7 9. Bd3 Bxd3 10. Qxd3 e6 11. Bd2 Ngf6 12. O-O-O Be7 13. Qe2 c5 14. dxc5 O-O 15. Kb1 Qc7 16. Nf5 Bxc5 17. Nxh6+ gxh6 18. Bxh6 Kh8 19. Ng5 Qe5 20. Qd3 Be7 21.
f4 Qc7 22. Qg3 Ng8 23. Nxe6 Nxh6 24. Qg7# 1-0

[Event "*** Titled Tuesday Blitz"]
[Site "Chess.com"]
[Date "2020.05.12"]
[Round "6"]
[White "zubridis"]
[Black "Mikhail_Biryukov"]
[Result "0-1"]
[WhiteElo "2470"]
[BlackElo "2655"]
[TimeControl "180+1"]
[EndTime "11:05:21 PDT"]
[Termination "Mikhail_Biryukov won on time"]

1. d4 Nf6 2. Nf3 e6 3. c4 d5 4.
Nc3 Bb4 5. cxd5 exd5 6. Bf4 O-O 7. e3 c5 8. a3 Ba5 9. dxc5 Bxc3+ 10. bxc3 Nc6 11.
Bd3 Qa5 12. O-O Qxc5 13. Qc2 Be6 14. Nd4 Rac8 15. Rfc1 h6 16. Rab1 b6 17. Qa4 Na5 18. Qb4 Rfd8 19. Ba6 Ra8 20. Qxc5 bxc5 21. Nb5 Bf5 22. Rb2 Nc4 23. Ra2 Bc8 24. Bxc8 Rdxc8 25. a4 a6 26. Na3 Na5 27. c4 d4 28. h3 Ra7 29.
Rb1 Rd8 30. Kf1 Ne4 31. Rb6 Nc3 32. Rc2 Nxa4 33. Rb1 Nc3 34. Rbc1 Rb7 35. exd4 cxd4 36. c5 Rb3 0-1

[Event "*** Titled Tuesday Blitz"]
[Site "Chess.com"]
[Date "2020.05.12"]
[Round "6"]
[White "Batsai"]
[Black "Malysch"]
[Result "0-1"]
[WhiteElo "2270"]
[BlackElo "2435"]
[TimeControl "180+1"]
[EndTime "11:05:21 PDT"]
[Termination "Malysch won on time"]

1. e4 d5 2. e5 c5 3. c3 Nc6 4. d4 h5 5. h4 Bf5 6. Ne2 e6 7. Ng3 Bg6 8. Bb5 Qb6 9. Qa4 Rc8 10. Be3 Nh6 11. Nd2 Ng4 12. Nb3 a6 13. Bxc6+ Qxc6 14. Qxc6+ Rxc6 15. dxc5 Nxe5 16. O-O Nc4 17. Rae1 Nxb2 18.
f4 Nd3 19. Re2 Nxc5 20. f5 Bh7 21. Nd4 Rc8 22. Bg5 Bd6 23. fxe6 Bxg3 24. exf7+ Kd7 25. Re7+ Kd6 0-1

[Event "*** Titled Tuesday Blitz"]
[Site "Chess.com"]
[Date "2020.05.12"]
[Round "6"]
[White "MoreChessJulia"]
[Black "Sunnika"]
[Result "0-1"]
[WhiteElo "1786"]
[BlackElo "2297"]
[TimeControl "180+1"]
[EndTime "11:05:22 PDT"]
[Termination "Sunnika won by resignation"]

1. d4 d5 2. c4 dxc4 3. Nf3 Nf6 4. e3 e6 5. Bxc4 a6 6. O-O b5 7. Bb3 Bb7 8. Qe2 Be7 9. Bc2 Nbd7 10. b3 c5 11.
dxc5 Nxc5 12. Bb2 O-O 13. Nbd2 Rc8 14. Rac1 Qb6 15. Bb1 Rfd8 16. e4 h6 17. e5 Nd5 18. Nd4 Nf4 19. Qg4 Nxg2 20. Ne4 Nxe4 21. Bxe4 Bxe4 22. Qxe4 Nh4 23. Nc6 Bg5 24. Rc3 Re8 25.
Rd1 Nf5 26. Nd4 Rxc3 27. Bxc3 Rd8 28. Rd3 Nxd4 29. Bxd4 Qc7 30. f4 Qc1+ 31. Kg2 Qxf4 32. Qxf4 Bxf4 0-1

[Event "*** Titled Tuesday Blitz"]
[Site "Chess.com"]
[Date "2020.05.12"]
[Round "6"]
[White "mirceaparligras"]
[Black "JozefKneht"]
[Result "1-0"]
[WhiteElo "2577"]
[BlackElo "2368"]
[TimeControl "180+1"]
[EndTime "11:05:24 PDT"]
[Termination "mirceaparligras won by resignation"]

1. d4 d5 2. c4 e6 3. Nf3 Nf6 4. Nc3 Be7 5. Bf4 O-O 6. e3 c5 7. dxc5 Nc6 8. cxd5 exd5 9. Be2 Bxc5 10. O-O Be6 11.
Rc1 Rc8 12. a3 h6 13. Na4 Be7 14. Nc5 Qb6 15. b4 a5 16. Na4 Qd8 17. b5 Nb8 18.
Rxc8 Qxc8 19. Qa1 Qc2 20. Nc3 Nbd7 21. Nd4 Qg6 22. Rc1 Nc5 23. b6 Bh3 24. Bg3 Bd7 25. Qb2 h5 26. Qa2 Be6 27. Ncb5 Nfe4 28. Nc7 h4 29. Bf4 Bh3 30. Bf1 Bxg2 31. Bxg2 h3 32. Bg3 hxg2 33. Nxd5 Bd8 34. Kxg2 Bxb6 35. Ne7+ 1-0

[Event "*** Titled Tuesday Blitz"]
[Site "Chess.com"]
[Date "2020.05.12"]
[Round "6"]
[White "Ceejay271"]
[Black "Slovak_fighter2000"]
[Result "1-0"]
[WhiteElo "2374"]
[BlackElo "2527"]
[TimeControl "180+1"]
[EndTime "11:05:24 PDT"]
[Termination "Ceejay271 won by resignation"]

1. d4 Nf6 2. c4 g6 3. Nc3 Bg7 4. e4 d6 5. Nf3 O-O 6. Be2 Bg4 7.
Be3 Nfd7 8. d5 c6 9. O-O cxd5 10. cxd5 Bxf3 11. Bxf3 Na6 12. Rc1 Qa5 13. a3 Rfc8 14. Be2 Bxc3 15. Rxc3 Rxc3 16. Bd2 Rac8 17. Bxc3 Qb6 18.
Bg4 Rd8 19. b4 Nf6 20. Bf3 Qb5 21. Be2 Qd7 22. Qd4 Rc8 23. Bb2 Qa4 24. g4 g5 25.
f4 gxf4 26. g5 Qc2 27. Bd3 Qd2 28. gxf6 e5 29. dxe6 fxe6 30. e5 dxe5 31. Bxh7+ Kf7 32. Qxd2 Kxf6 1-0

[Event "*** Titled Tuesday Blitz"]
[Site "Chess.com"]
[Date "2020.05.12"]
[Round "6"]
[White "RobertPrieb2007"]
[Black "chessdjw"]
[Result "1-0"]
[WhiteElo "2364"]
[BlackElo "2690"]
[TimeControl "180+1"]
[EndTime "11:05:25 PDT"]
[Termination "RobertPrieb2007 won by resignation"]

1. d4 Nf6 2. c4 g6 3. Nc3 d5 4.
Nf3 Bg7 5. Bg5 Ne4 6. Bh4 Nxc3 7. bxc3 dxc4 8. Qa4+ c6 9. Qxc4 Qa5 10. e3 Be6 11.
Qb4 Qxb4 12. cxb4 Bd5 13. Be2 a5 14. b5 c5 15. O-O cxd4 16. Nxd4 Bxd4 17. exd4 Nd7 18.
Rfe1 f6 19. Rac1 Bxa2 20. Bf3 a4 21. Bxb7 Rd8 22. Bg3 Kf7 23. Bc7 Bb3 24. Bxd8 Rxd8 25. Rc7 a3 26. Bc6 Be6 27. d5 Bf5 28. Ra7 g5 29. Rxa3 Rb8 30. Ra7 Ne5 31. d6 Ke6 32.
Bd7+ Kxd6 33. Bxf5 Rxb5 34. Rd1+ Kc6 35. Be4+ Kb6 36.
Rb7+ Kc5 37. Rxb5+ Kxb5 38. Bxh7 Kc5 39. Rd8 1-0

[Event "*** Titled Tuesday Blitz"]
[Site "Chess.com"]
[Date "2020.05.12"]
[Round "6"]
[White "RaunakSadhwani2005"]
[Black "Korchmar_Vasiliy"]
[Result "1-0"]
[WhiteElo "2835"]
[BlackElo "2638"]
[TimeControl "180+1"]
[EndTime "11:05:26 PDT"]
[Termination "RaunakSadhwani2005 won by resignation"]

1. e4 c5 2. Nc3 e6 3. d4 cxd4 4. Qxd4 Nc6 5. Qe3 Nf6 6. Nf3 Bb4 7. Bd2 O-O 8. e5 Bxc3 9. Bxc3 Nd5 10. Qd2 Nxc3 11.
Qxc3 f6 12. exf6 Qxf6 13. Qxf6 Rxf6 14. O-O-O d5 15. Bb5 Bd7 16. Rhe1 a6 17. Bxc6 Bxc6 18. Rd2 Raf8 19. b3 h6 20. a4 Be8 21. Nd4 Rxf2 22.
Nxe6 R8f6 23. Nd4 Bg6 24. Rxf2 Rxf2 25. Re2 Rxe2 26. Nxe2 Kf7 27. Kd2 Ke6 28. Nf4+ Kf7 29. Nxg6 Kxg6 30. Ke3 Kf5 31. Kd4 Ke6 32. Kc5 Ke5 33. a5 g5 34. Kb6 Kd4 35. Kxb7 Kc3 36. Kc6 d4 37. Kc5 g4 38. b4 1-0

[Event "*** Titled Tuesday Blitz"]
[Site "Chess.com"]
[Date "2020.05.12"]
[Round "6"]
[White "LawrenceTrent"]
[Black "Enriquack"]
[Result "1-0"]
[WhiteElo "2535"]
[BlackElo "2281"]
[TimeControl "180+1"]
[EndTime "11:05:26 PDT"]
[Termination "LawrenceTrent won by resignation"]

1. d4 Nf6 2. Nc3 d5 3. Bf4 g6 4. e3 Bg7 5. h4 h5 6. Nf3 O-O 7.
Be2 c5 8. Ne5 Nc6 9. Qd2 Qa5 10.
a3 Bf5 11. O-O Rac8 12. Rfd1 Rfd8 13. Nxc6 bxc6 14. b4 cxb4 15. axb4 Qb6 16. Na4 Qb7 17. f3 Nd7 18. Nc5 Nxc5 19. bxc5 Qb2 20. Rdb1 Qxc2 21. Qxc2 Bxc2 22. Rb7 Bf6 23. Bg5 Ra8 24. Raxa7 Rxa7 25. Rxa7 Rb8 26. Rc7 Ba4 27. Ba6 Rb1+ 28. Kh2 Bxg5 29. hxg5 Bb5 30. Rb7 Rb2 31. Bxb5 cxb5 32. Rxe7 Re2 33.
c6 Rc2 34. c7 Kg7 35. Rd7 b4 36. Rxd5 Rxc7 37. Rb5 Rc3 38. e4 b3 39. d5 Rd3 40.
Kg3 f6 41. Rb7+ 1-0

[Event "*** Titled Tuesday Blitz"]
[Site "Chess.com"]
[Date "2020.05.12"]
[Round "6"]
[White "Nikolaj_6"]
[Black "alexsergeyev"]
[Result "1-0"]
[WhiteElo "2572"]
[BlackElo "2364"]
[TimeControl "180+1"]
[EndTime "11:05:28 PDT"]
[Termination "Nikolaj_6 won on time"]

1. e4 e5 2. Nf3 Nf6 3. d4 exd4 4.
e5 Ne4 5. Qxd4 f5 6. exf6 Nxf6 7. Nc3 Nc6 8. Qh4 Bb4 9. Bd2 Qe7+ 10. Be2 O-O 11. Qc4+ d5 12. Nxd5 Nxd5 13. Qxd5+ Be6 14. Qg5 Bxd2+ 15. Qxd2 Rad8 16. Qc3 Bf7 17. Kf1 Nb4 18. Bc4 Nd5 19. Qb3 Nf4 20. Re1 Qc5 21. Bxf7+ Rxf7 22. Ne5 Nd5 23. Nxf7 Kxf7 24. g3 Rd6 25. Kg2 1-0

[Event "*** Titled Tuesday Blitz"]
[Site "Chess.com"]
[Date "2020.05.12"]
[Round "6"]
[White "relaxx87"]
[Black "Indianlad"]
[Result "0-1"]
[WhiteElo "2679"]
[BlackElo "2934"]
[TimeControl "180+1"]
[EndTime "11:05:29 PDT"]
[Termination "Indianlad won by resignation"]

1. e4 e5 2. Nf3 Nc6 3. Bb5 a6 4. Ba4 d6 5. O-O Bd7 6. d4 Nxd4 7. Bxd7+ Qxd7 8. Nxd4 exd4 9. Qxd4 Nf6 10. Nc3 Be7 11. Bf4 O-O 12. Rad1 Rad8 13. Rfe1 Rfe8 14. h3 Qc8 15.
Qd3 c6 16. Qf3 Bf8 17. a3 Re6 18. Qd3 Rde8 19. f3 d5 20. Kh1 Bc5 21. Bg5 dxe4 22. Nxe4 Nxe4 23. Rxe4 Rxe4 24. fxe4 h6 25. Bf4 Qe6 26. Re1 Bb6 27. Qb3 Qxb3 28. cxb3 Rd8 29. Re2 Kf8 30. Kh2 Ke7 31. Kg3 Ke6 32. b4 Rd3+ 33.
Kg4 Bd4 34. h4 Rb3 35. Bc1 Be5 36. Re3 Rxe3 37. Bxe3 Bxb2 38. a4 Ba3 39. Bd2 b5 40. axb5 axb5 41. Kf4 c5 42. bxc5 Bxc5 43. h5 b4 44. g4 b3 45. Bc3 Bd6+ 46. e5 Bb4 47. Bb2 Kd5 48. Kf5 Bd2 49. e6 fxe6+ 50. Kg6 e5 51.
Kxg7 e4 52. Kg6 Bg5 0-1

[Event "*** Titled Tuesday Blitz"]
[Site "Chess.com"]
[Date "2020.05.12"]
[Round "6"]
[White "MathiasWomacka"]
[Black "rakshi2005"]
[Result "1-0"]
[WhiteElo "2442"]
[BlackElo "2280"]
[TimeControl "180+1"]
[EndTime "11:05:29 PDT"]
[Termination "MathiasWomacka won by resignation"]

1. e4 e5 2. Nf3 Nc6 3. Bc4 Bc5 4.
O-O Nf6 5. d3 h6 6. c3 d6 7.
Nbd2 a6 8. Bb3 Ba7 9. Re1 Bg4 10. Nf1 Qd7 11. Be3 Bxe3 12. Nxe3 h5 13. h3 Be6 14.
d4 Bxb3 15. Qxb3 O-O-O 16. Rad1 exd4 17. cxd4 Nxe4 18. d5 Ne5 19. Nxe5 dxe5 20. Nc4 f5 21.
Nxe5 Qe8 22. Nd3 Qg6 23. Nf4 Qd6 24. Ne6 Rde8 25. Nxg7 Reg8 26. Nxf5 Qf4 27. Ne7+ Kb8 28. Qe3 Rxg2+ 29. Kxg2 Rf8 30. Qxf4 1-0

[Event "*** Titled Tuesday Blitz"]
[Site "Chess.com"]
[Date "2020.05.12"]
[Round "6"]
[White "aa175"]
[Black "Funkmaus"]
[Result "1-0"]
[WhiteElo "2400"]
[BlackElo "2220"]
[TimeControl "180+1"]
[EndTime "11:05:29 PDT"]
[Termination "aa175 won on time"]

1. d4 c6 2. Bf4 d5 3. e3 Nf6 4. Nf3 Bf5 5. Nbd2 e6 6. c3 Nbd7 7. Qb3 Qb6 8. h3 h6 9. Nh4 Bh7 10. Bh2 Be7 11. Nhf3 O-O 12. Ne5 Nxe5 13. Bxe5 Nd7 14.
Bg3 Bf6 15. Be2 e5 16. O-O Rfe8 17. Rfe1 Rad8 18. a4 Qxb3 19. Nxb3 exd4 20. cxd4 Nb8 21. a5 Be7 22. Nc5 Bxc5 23. dxc5 Nd7 24. Bd6 Ne5 25. a6 b5 26. b4 Nd3 27. Reb1 Ne5 28. Rd1 Bg6 29.
Rd4 Nc4 30. Bc7 Rd7 31. Bg3 Re4 32. Rad1 Rxd4 33. Rxd4 Kf8 34. Bg4 Rd8 35. Bf3 Rd7 36. h4 h5 37. Bf4 Ke7 38. g4 hxg4 39. Bxg4 Be4 40. Bxd7 1-0

[Event "*** Titled Tuesday Blitz"]
[Site "Chess.com"]
[Date "2020.05.12"]
[Round "6"]
[White "Andrii_Prydun"]
[Black "DenisQ"]
[Result "1-0"]
[WhiteElo "2433"]
[BlackElo "2610"]
[TimeControl "180+1"]
[EndTime "11:05:30 PDT"]
[Termination "Andrii_Prydun won by resignation"]

1. d4 d5 2. Nc3 Nf6 3. Bf4 Bf5 4. e3 e6 5. Nf3 Bd6 6. Ne5 h6 7. Bd3 Bxd3 8. Nxd3 O-O 9. O-O Bxf4 10. Nxf4 Nbd7 11.
Nd3 Qe7 12. Qf3 c5 13. a3 Rac8 14. Rfe1 a6 15. Rad1 Rc7 16. h4 Rfc8 17. g3 cxd4 18. exd4 Nb6 19. Nf4 Qd6 20. g4 Ne4 21. Nxe4 dxe4 22.
Rxe4 Rxc2 23. g5 hxg5 24. hxg5 g6 25. Nxg6 fxg6 26. Qf6 Qd7 27. Rh4 1-0

[Event "*** Titled Tuesday Blitz"]
[Site "Chess.com"]
[Date "2020.05.12"]
[Round "6"]
[White "Mizner"]
[Black "Sashadav97"]
[Result "1-0"]
[WhiteElo "2519"]
[BlackElo "2744"]
[TimeControl "180+1"]
[EndTime "11:05:31 PDT"]
[Termination "Mizner won on time"]

1. d4 d5 2. c4 e6 3. Nc3 Nf6 4. cxd5 exd5 5. Bg5 Bb4 6. Qc2 h6 7. Bh4 O-O 8. e3 Be6 9. Bd3 c5 10. dxc5 Nbd7 11. a3 Bxc5 12. Nge2 Rc8 13. O-O Ne5 14. Rad1 Be7 15. Nf4 Qb6 16. Bxf6 Bxf6 17. Bf5 Rfd8 18. Nfxd5 Rxd5 19. Rxd5 Bxf5 20. Qxf5 Re8 21. Ne4 Qxb2 22. Nxf6+ gxf6 23. Qxf6 Kh7 24. Qf5+ 1-0

[Event "*** Titled Tuesday Blitz"]
[Site "Chess.com"]
[Date "2020.05.12"]
[Round "6"]
[White "TheoSlade"]
[Black "NotFischer"]
[Result "0-1"]
[WhiteElo "2260"]
[BlackElo "2119"]
[TimeControl "180+1"]
[EndTime "11:05:33 PDT"]
[Termination "NotFischer won by checkmate"]

1. d4 g6 2. c4 Bg7 3. e4 d6 4.
Nc3 Nc6 5. Be3 e5 6. Nf3 Bg4 7. d5 Nd4 8. Bxd4 exd4 9. Nb5 c5 10. dxc6 bxc6 11. Nbxd4 Qb6 12. Nb3 Bxb2 13. Rb1 Bc3+ 14. Nbd2 Qa5 15. Qc2 Bxf3 16. gxf3 Nf6 17. Rc1 Be5 18.
Bd3 Nh5 19. O-O Qd8 20. Rfd1 Qh4 21. Nf1 Nf4 22. Ng3 Nh3+ 23. Kh1 O-O 24. Bf1 Rab8 25. Bxh3 Qxh3 26. c5 Rb2 27. Qd3 Rxf2 28. Rg1 Qxh2# 0-1

[Event "*** Titled Tuesday Blitz"]
[Site "Chess.com"]
[Date "2020.05.12"]
[Round "6"]
[White "Konovalova_Vera"]
[Black "NastaJ"]
[Result "0-1"]
[WhiteElo "2085"]
[BlackElo "1978"]
[TimeControl "180+1"]
[EndTime "11:05:33 PDT"]
[Termination "NastaJ won by checkmate"]

1. d4 Nf6 2. Nf3 e6 3. e3 b6 4.
Bd3 Bb7 5. b3 Be7 6. Bb2 O-O 7.
Nbd2 c5 8. O-O d5 9. c4 Nbd7 10.
Rc1 Rc8 11. Bb1 Ne4 12. Nxe4 dxe4 13. Nd2 Nf6 14. f3 exf3 15. Nxf3 Ng4 16. Qe2 Bg5 17. Nxg5 Qxg5 18. Rc3 Rfd8 19. h3 Nf6 20. Rcc1 Ne4 21. Bxe4 Bxe4 22. Rf4 f5 23. Rd1 cxd4 24. Rxd4 e5 25.
Rxd8+ Rxd8 26. Bxe5 Rd1+ 27. Kh2 Rc1 28. h4 Qd8 29. Rf2 Qxh4# 0-1

[Event "*** Titled Tuesday Blitz"]
[Site "Chess.com"]
[Date "2020.05.12"]
[Round "6"]
[White "Muguet7"]
[Black "L_lorenzo"]
[Result "1-0"]
[WhiteElo "2480"]
[BlackElo "2228"]
[TimeControl "180+1"]
[EndTime "11:05:34 PDT"]
[Termination "Muguet7 won by resignation"]

1. Nf3 Nf6 2. c4 d6 3. Nc3 Nbd7 4. d4 e5 5. e4 Be7 6. Be2 O-O 7. O-O c6 8. Be3 Ng4 9. Bc1 a6 10. h3 Ngf6 11. Be3 b5 12. d5 cxd5 13. Nxd5 Nxe4 14.
Nxe7+ Qxe7 15. Qd5 Rb8 16. Qxe4 Bb7 17. Qf5 g6 18. Qc2 Rbc8 19. Qb3 Nc5 20. Bxc5 Rxc5 21. cxb5 axb5 22. Rac1 Rfc8 23. Rxc5 Rxc5 24. a4 Bd5 25. Qd1 bxa4 26. Qxa4 f5 27. Rd1 Bf7 28. b4 Rc8 29. Qa1 Rb8 30. b5 g5 31. Qa3 Rb6 32. Qe3 Rb8 33. Qxg5+ Qxg5 34. Nxg5 Rb6 35. Nxf7 Kxf7 36. Bc4+ Ke7 37. Rb1 h6 38. Bd5 Kd7 39. Bc6+ Kc7 40. Ra1 d5 41. Ra7+ Kd6 42. Rd7+ Kc5 43. Rxd5+ 1-0

[Event "*** Titled Tuesday Blitz"]
[Site "Chess.com"]
[Date "2020.05.12"]
[Round "6"]
[White "karinachess1"]
[Black "BabyFacedAssasin"]
[Result "1-0"]
[WhiteElo "2447"]
[BlackElo "2257"]
[TimeControl "180+1"]
[EndTime "11:05:34 PDT"]
[Termination "karinachess1 won by checkmate"]

1. e4 e6 2. d4 d5 3. Nc3 Bb4 4. e5 c5 5. a3 Bxc3+ 6. bxc3 Qa5 7. Bd2 Qa4 8. dxc5 Nc6 9. Nf3 Nge7 10. Bd3 Ng6 11. Qe2 Nf4 12. Bxf4 Qxf4 13. c4 Nd4 14. Nxd4 Qxd4 15. O-O Qxc5 16. cxd5 Qxd5 17. Rfd1 Qc5 18.
Bb5+ Ke7 19. Rd2 a6 20. Ba4 b5 21. Qe4 Bd7 22. Rad1 Rhd8 23. Qh4+ f6 24. exf6+ gxf6 25.
Qxh7+ Ke8 26. Rxd7 Rxd7 27. Rxd7 bxa4 28. Qf7# 1-0

[Event "*** Titled Tuesday Blitz"]
[Site "Chess.com"]
[Date "2020.05.12"]
[Round "6"]
[White "Al_Shima"]
[Black "CzechmVIII"]
[Result "1-0"]
[WhiteElo "2419"]
[BlackElo "2238"]
[TimeControl "180+1"]
[EndTime "11:05:34 PDT"]
[Termination "Al_Shima won on time"]

1. b3 e5 2. Bb2 Nc6 3. e3 Nf6 4. Bb5 Bd6 5. Ne2 O-O 6. Ng3 a6 7. Bxc6 dxc6 8. e4 Bg4 9. f3 Be6 10. O-O Nd7 11. d3 f6 12. Nc3 Nc5 13. Nce2 Bf7 14.
f4 Ne6 15. fxe5 fxe5 16. Qd2 Bc5+ 17. Kh1 Nd4 18. Nf5 Bg6 19. Nfxd4 Bxd4 20. Nxd4 exd4 21.
Qb4 b6 22. Rxf8+ Qxf8 23. Qxf8+ Rxf8 24. Bxd4 c5 25. Be3 Rf7 26. Kg1 Kf8 27. a4 a5 28.
Re1 Ke8 29. Bd2 Kd7 30. Bc3 Ke6 31. g4 h5 32. h3 hxg4 33. hxg4 1-0

[Event "*** Titled Tuesday Blitz"]
[Site "Chess.com"]
[Date "2020.05.12"]
[Round "6"]
[White "tteshan"]
[Black "WiktoriaPOL"]
[Result "1-0"]
[WhiteElo "2195"]
[BlackElo "2003"]
[TimeControl "180+1"]
[EndTime "11:05:35 PDT"]
[Termination "tteshan won on time"]

1. e4 c5 2. c3 Nf6 3. e5 Nd5 4. Nf3 Nc6 5. Bc4 Nb6 6. Bb3 d6 7. exd6 e6 8. O-O Bxd6 9. Re1 O-O 10. d4 cxd4 11. Nxd4 Nxd4 12. Qxd4 Qc7 13. g3 Bd7 14. Be3 Rac8 15. Qh4 Bc6 16. Bc2 f5 17. Nd2 Bd5 18.
Nb3 Nc4 19. Nd4 Nxb2 20. Nb5 Qd7 21. Nxd6 Qxd6 22. Rab1 Nc4 23. Bf4 Qd7 24. Bb3 Qd8 25. Bg5 Qc7 26. Rbd1 Nb6 27. Bxd5 Nxd5 28. Rxe6 Nxc3 29.
Rde1 Nd5 30. Qd4 Qc5 31. Qe5 Nc3 32. Qxc5 Rxc5 33. Be7 Rcc8 34. Bxf8 1-0